 Dungeon Crawl Stone Soup version 0.29-a0-2-g12fcac58f8 (webtiles) character file.

Game seed: 5342222279634198038

2027 testman the Grappler (level 9, -2/93 HPs)
             Began as a Troll Monk on Jan 26, 2022.
             Was an Initiate of Gozag.
             Slain by a water moccasin (6 damage)
             ... on level 6 of the Dungeon.
             The game lasted 00:11:34 (3663 turns).

testman the Grappler (Troll Monk)                   Turns: 3663, Time: 00:11:34

Health: -2/93      AC:  4    Str: 25    XL:     9   Next: 3%
Magic:  8/8        EV: 10    Int:  6    God:    Gozag
Gold:   901        SH:  0    Dex: 12    Spells: 8/8 levels left

rFire   . . .      SeeInvis .     - Unarmed
rCold   . . .      Faith    .   (no shield)
rNeg    . . .      Spirit   .   a - +0 robe
rPois   .          Reflect  .   (helmet restricted)
rElec   .          Harm     .   (no cloak)
rCorr   .          Rampage  .   (gloves unavailable)
Will    .....                   (boots unavailable)
Stlth   ++........              (no amulet)
HPRegen 1.05/turn               d - ring of wizardry
MPRegen 0.11/turn               (no ring)

@: lethally poisoned (-2 -> -13), gold aura
A: large, unfitting armour, claws 3, regeneration 1, shaggy fur 1, tough skin 1
a: Renounce Religion, Potion Petition, Call Merchant, Bribe Branch


You were on level 6 of the Dungeon.
You worshipped Gozag.
Gozag was pleased with you.
You visited 1 branch of the dungeon, and saw 6 of its levels.

You collected 901 gold pieces.

Inventory:

Hand Weapons
 i - a +0 hunting sling
Missiles
 b - 145 stones
 e - 10 poisoned darts (quivered)
 k - 23 sling bullets
 q - 5 boomerangs
Armour
 a - a +0 robe (worn)
Jewellery
 d - a ring of wizardry (left claw)
 y - an amulet of reflection
Wands
 u - a wand of flame (58)
Scrolls
 c - a scroll of amnesia {unknown}
 f - a scroll of noise {unknown}
 l - 4 scrolls of teleportation {unknown}
 m - a scroll of brand weapon {unknown}
 s - 2 scrolls of vulnerability {unknown}
Potions
 g - a potion of mutation {unknown}
 h - a potion of attraction {unknown}
 j - a potion of ambrosia {unknown}
 n - a potion of resistance
 o - 4 potions of curing {unknown}
 p - a potion of berserk rage {unknown}
 r - a potion of haste {unknown}
 t - 2 potions of heal wounds
 v - a potion of magic {unknown}
 w - a potion of brilliance {unknown}
 x - 2 potions of flight {unknown}
 z - a potion of degeneration {unknown}


   Skills:
 + Level 7.4 Fighting
 - Level 2.4 Dodging
 - Level 1.0 Stealth
 + Level 9.0 Unarmed Combat


You had 8 spell levels left.
You didn't know any spells.
Your spell library contained the following spells:

 Spells                   Type           Power      Damage    Failure   Level
 Call Canine Familiar     Summ           0%         N/A       50%         3
 Portal Projectile        Hex/Tloc       0%         N/A       50%         3
 Stone Arrow              Conj/Erth      0%         3d7       50%         3
 Animate Armour           Summ/Erth      0%         N/A       86%         4
 Leda's Liquefaction      Hex/Erth       0%         N/A       86%         4
 Passage of Golubria      Tloc           0%         N/A       86%         4
 Silence                  Hex/Air        0%         N/A       99%         5
 Lehudib's Crystal Spear  Conj/Erth      0%         10d2      100%        8


Dungeon Overview and Level Annotations

Branches:
Dungeon (6/15)             Temple (0/1) D:5

Altars:
Ashenzari
Gozag
Xom

Shops:
D:5 (

Annotations:
D:5 2 transporters, bande's ghost, novice GrFi


Innate Abilities, Weirdness & Mutations

You are too large for most types of armour.
You have claws for hands.
Your natural rate of healing is unusually fast.
You are covered in fur. (AC +1)
You have tough skin. (AC +1)


Message History

The killer bee is lightly wounded.
You feel very sick. The killer bee stings you.
The killer bee closely misses you. The killer bee stings you.
You are too injured to fight recklessly!
You are too injured to fight recklessly!
You feel very sick. The killer bee stings you.
The killer bee barely misses you.
You mangle the killer bee!!
You kill the killer bee!
You feel sick. The killer bee stings you. x2
Your Unarmed Combat skill increases to level 9!
You mangle the water moccasin!!
The water moccasin is severely wounded.
You feel sick. The killer bee stings you.
* * * LOW HITPOINT WARNING * * *
You are more poisoned.
The killer bee poisons you! The water moccasin bites you!
* * * LOW HITPOINT WARNING * * *
You scratch the water moccasin. Your claw misses the water moccasin.
The water moccasin is almost dead.
You feel very sick. The killer bee stings you.
* * * LOW HITPOINT WARNING * * *
The water moccasin bites you.
* * * LOW HITPOINT WARNING * * *
You are lethally poisoned!
The water moccasin poisons you!
The killer bee is distracted by your dazzling golden aura.
The killer bee buzzes angrily.
You scratch the water moccasin.
The water moccasin is almost dead.
* * * LOW HITPOINT WARNING * * *
You feel very sick.
The killer bee is no longer distracted by gold.
The killer bee stings you.
* * * LOW HITPOINT WARNING * * *
The water moccasin bites you.
You die...
Your body crumbles into a pile of gold.

........##
#...#####..##....##
.#.......# #.....#..#...<.#.#
###......###.............####
###......#............####
#............#.......#
.....................#
##.....<.............#
.............##......#
......#####.###S@....#
.......####..#.y.....#
...............#######
.......?.......# .....
......$#..# ##.. ..........#
####.....## #......#
#.....###


You could see a water moccasin and a killer bee.

Vanquished Creatures
  Pikel (D:4)
  Eustachio (D:6)
  Menkaure (D:5)
  Duvessa (D:6)
  2 ogres
  A black bear (D:5)
  2 lemures (D:4)
  A phantom (D:5)
  Blork the orc (D:6)
  2 scorpions
  Dowan (D:6)
  2 killer bees (D:6)
  A hound (D:5)
  A bullfrog skeleton (D:6)
  A gnoll shaman (D:4)
  Jessica (D:2)
  2 iguanas
  Ijyb (D:4)
  2 orc wizards
  2 killer bee zombies (D:6)
  A hound zombie (D:5)
  A hound skeleton (D:3)
  A howler monkey skeleton (D:4)
  7 gnolls
  3 adders
  2 ufetubi (D:5)
  An adder zombie (D:3)
  2 adder skeletons
  A worm (D:2)
  A dart slug (D:1)
  14 orcs
  8 ball pythons
  4 endoplasms
  5 giant cockroaches
  4 goblins
  7 hobgoblins
  8 jackals
  9 kobolds
  4 quokkas
  6 bats
  3 frilled lizards
  A quokka skeleton (D:3)
  5 rats
125 creatures vanquished.

Vanquished Creatures (others)
  2 withered plants (D:3)
2 creatures vanquished.

Grand Total: 127 creatures vanquished

Notes
Turn   | Place    | Note
-------+----------+-------------------------------------------
     0 | D:1      | testman the Troll Monk began the quest for the Orb.
     0 | D:1      | Reached XP level 1. HP: 22/22 MP: 0/0
    74 | D:1      | Reached XP level 2. HP: 29/29 MP: 1/1
   286 | D:1      | Found a faded altar of an unknown god.
   294 | D:1      | Prayed at the altar of an unknown god.
   294 | D:1      | Became a worshipper of Gozag Ym Sagoz the Greedy
   376 | D:1      | Reached XP level 3. HP: 37/37 MP: 2/2
   515 | D:2      | Reached skill level 4 in Unarmed Combat
   555 | D:2      | Reached XP level 4. HP: 41/45 MP: 3/3
   815 | D:2      | Noticed Jessica
   818 | D:2      | Killed Jessica
   838 | D:2      | Found a broken altar of Ashenzari.
  1036 | D:3      | Found a shimmering altar of Xom.
  1210 | D:3      | Reached XP level 5. HP: 54/54 MP: 4/4
  1690 | D:4      | Reached skill level 5 in Unarmed Combat
  1821 | D:4      | Reached XP level 6. HP: 35/63 MP: 5/5
  1956 | D:4      | Noticed Ijyb
  2100 | D:4      | Killed Ijyb
  2133 | D:4      | Noticed Pikel
  2160 | D:4      | Killed Pikel
  2161 | D:4      | Reached skill level 5 in Fighting
  2161 | D:4      | Reached skill level 6 in Unarmed Combat
  2161 | D:4      | Reached XP level 7. HP: 16/74 MP: 6/6
  2279 | D:4      | Reached skill level 7 in Unarmed Combat
  2621 | D:5      | Entered Level 5 of the Dungeon
  2627 | D:5      | Found a transporter.
  2627 | D:5      | Noticed bande's ghost (novice GrFi)
  2628 | D:5      | Found a transporter.
  2683 | D:5      | Noticed Menkaure
  2691 | D:5      | Killed Menkaure
  2692 | D:5      | Reached XP level 8. HP: 44/83 MP: 7/7
  2909 | D:5      | Found Ylep Duh's Antique Weapon Boutique.
  3115 | D:5      | Found a staircase to the Ecumenical Temple.
  3128 | D:5      | Reached skill level 8 in Unarmed Combat
  3345 | D:6      | Noticed Eustachio
  3357 | D:6      | Killed Eustachio
  3369 | D:6      | Noticed Dowan
  3370 | D:6      | Noticed Duvessa
  3375 | D:6      | Killed Dowan
  3381 | D:6      | Killed Duvessa
  3385 | D:6      | Noticed Blork the orc
  3389 | D:6      | Killed Blork the orc
  3652 | D:6      | Reached XP level 9. HP: 93/93 MP: 8/8
  3661 | D:6      | Reached skill level 9 in Unarmed Combat
  3663 | D:6      | HP: 4/93 [killer bee (6)]
  3663 | D:6      | Slain by a water moccasin

Illustrated notes

Levels and vault maps discovered:
D:1:      dpeg_arrival_lava_temple_mockup, layout_rooms,
          ebering_ecumenical_altar_hall
D:2:      layout_loops_cross, basic_altar, uniq_jessica
D:3:      layout_basic, xom_teletrap_fun, serial_undead, serial_undead_b,
          serial_undead_d, serial_undead_f, serial_undead_b
D:4:      layout_loops_ring, serial_bayou_pond_d, uniq_ijyb, uniq_pikel
D:5:      layout_loops_cross, minmay_temple_entry_glass,
          gammafunk_ghost_mausoleum, serial_shops, nicolae_lakefront_shop,
          uniq_menkaure
D:6:      layout_cave_pools, uniq_blork_the_orc, uniq_eustachio, uniq_duvessa

Skill      XL: |  1  2  3  4  5  6  7  8  9 |
---------------+----------------------------+-----
Fighting       | 3 4 5 6 7 |  7.4
Unarmed Combat | 4 5 6 7 8 9 |  9.0
Dodging        | |  2.4
Stealth        | |  1.0

Action                   |  1- 3 |  4- 6 |  7- 9 || total
-------------------------+-------+-------+-------++-------
Melee: Unarmed           |    91 |   160 |   100 ||   351
       Punch             |     1 |     6 |     8 ||    15
Throw: Dart              |       |     8 |     4 ||    12
  Use: Potion            |       |     1 |       ||     1
 Stab: Sleeping          |     2 |     3 |       ||     5
Armor: Robe              |    25 |    29 |    16 ||    70
Dodge: Dodged            |    39 |    59 |    48 ||   146

Table legend: (Time is in decaauts)
 A = Elapsed time spent in this place.
 B = Non-inter-level travel time spent in this place.
 C = Inter-level travel time spent in this place.
 D = Time resting spent in this place.
 E = Time spent auto-exploring this place.
 F = Levels seen in this place.
 G = Mean time per level.
                   A        B        C        D        E       F      G
               +--------+--------+--------+--------+--------+-----+--------+
         Total |   3628 |   3505 |    123 |    252 |   2402 |   6 |  604.7 |
       Dungeon |   3628 |   3505 |    123 |    252 |   2402 |   6 |  604.7 |
               +--------+--------+--------+--------+--------+-----+--------+

Top non-repeatable levels by time:
     D:4: 961 daAuts
     D:5: 717 daAuts
     D:3: 609 daAuts
     D:2: 578 daAuts
     D:1: 448 daAuts
     D:6: 312 daAuts
